AoeStats
← certaingoosetragedy

Arabia

506285966Analyzed
1v1 RM · 21d ago on Sep 13, 2026· 19m 33s· 2 players
Game mode
Random Map
Map size
Tiny (2 player)
Population
200
Speed
Normal
Resources
Standard
Victory
Conquest
Starting age
Dark Age
Ending age
Imperial Age
RankedLock teamsTeams togetherTeam positionsShared explorationLock speedFull tech treeHidden civsTurbo modeCheats
Victory
Defeat
🇰🇷 Tatars · South Korea
1016
+15
🇺🇸 Franks · United States
1000
-45
certaingoosetragedy
10:53 Feudal Age
18:16 Loom
18:55 Double-Bit Axe
Lcha
10:37 Feudal Age
8:56 Loom
11:13 Double-Bit Axe
18:36 Castle Age
17:55 Gold Mining
18:20 Horse Collar
19:39 Wheelbarrow
Connection lost

Rejoining the realm…

Still unreachable

The connection could not be restored.

Session expired

The server has moved on; the page needs a fresh start.